AoeStats
← Don M´s

Black Forest

509958994Analyzed
4v4 RM · 5d ago on Sep 28, 2026· 91m 35s· 8 players
Game mode
Random Map
Map size
Large (8 player)
Population
200
Speed
Normal
Resources
Standard
Victory
Conquest
Starting age
Dark Age
Ending age
Imperial Age
RankedLock teamsTeams togetherTeam positionsShared explorationLock speedFull tech treeHidden civsTurbo modeCheats
Victory
Defeat
🇲🇽 Celts · Mexico
520
+15
🇦🇷 Cumans · Argentina
495
+16
🇨🇱 Malay · Chile
481
+17
🇺🇸 Berbers · United States
442
+20
🇨🇴 Khmer · Colombia
549
-19
🇮🇹 Burgundians · Italy
527
-18
🇩🇪 Franks · Germany
521
-18
🇮🇪 Britons · Ireland
407
-13
ruskihitman1
15:40 Feudal Age
16:57 Wheelbarrow
16:55 Horse Collar
24:55 Castle Age
22:42 Loom
22:45 Town Watch
23:10 Double-Bit Axe
26:06 Hand Cart
26:23 Heavy Plow
26:38 Bow Saw
27:21 Stone Mining
27:27 Gold Mining
28:35 Town Patrol
35:01 Forging
34:52 Scale Mail Armor
34:57 Scale Barding Armor
34:42 Fletching
34:52 Padded Archer Armor
39:11 Husbandry
39:23 Bloodlines
38:35 Light Cavalry
42:07 Iron Casting
41:47 Chain Mail Armor
41:53 Chain Barding Armor
41:28 Bodkin Arrow
41:48 Leather Archer Armor
46:12 Imperial Age
43:26 Elite Skirmisher
43:26 Crossbowman
44:14 Thumb Ring
45:06 Stone Shaft Mining
45:10 Gold Shaft Mining
47:54 Blast Furnace
47:24 Plate Mail Armor
47:29 Plate Barding Armor
46:55 Bracer
47:25 Ring Archer Armor
47:18 Conscription
46:25 Elite Camel Archer
46:34 Heavy Camel Rider
47:32 Elite Genitour
47:34 Heavy Cavalry Archer
51:20 Crop Rotation
50:52 Onager
57:22 Heated Shot
58:32 Chemistry
57:18 Arrowslits
57:23 Guard Tower
57:54 Ballistics
57:44 Fortified Wall
57:30 Murder Holes
61:14 Caravan
83:23 Hussar
maximo.cmd
1:04 Loom
11:32 Feudal Age
14:36 Horse Collar
14:46 Double-Bit Axe
17:04 Wheelbarrow
17:43 Man-at-Arms
21:19 Stone Mining
21:20 Gold Mining
26:36 Castle Age
26:55 Bow Saw
26:56 Heavy Plow
29:26 Crossbowman
29:30 Long Swordsman
30:36 Hand Cart
31:55 Gold Shaft Mining
31:55 Stone Shaft Mining
32:28 Thumb Ring
33:19 Husbandry
35:31 Forging
35:27 Scale Barding Armor
35:23 Padded Archer Armor
35:13 Fletching
35:19 Pikeman
36:00 Squires
35:45 Arson
37:05 Elite Skirmisher
40:45 Imperial Age
39:24 Iron Casting
39:05 Leather Archer Armor
39:34 Stone Shaft Mining
44:52 Blast Furnace
44:23 Ring Archer Armor
43:48 Bodkin Arrow
45:20 Halberdier
45:24 Arbalester
47:54 Bracer
63:46 Onager
MissAlucard
0:39 Loom
12:03 Feudal Age
12:52 Horse Collar
13:04 Double-Bit Axe
15:32 Fishing Lines
17:21 Wheelbarrow
16:39 Town Watch
18:48 Gold Mining
19:19 Stone Mining
22:54 Castle Age
24:36 Gillnets
27:26 Bow Saw
30:01 Forging
30:47 Town Patrol
33:05 Gold Shaft Mining
33:05 Stone Shaft Mining
34:53 Iron Casting
34:19 Scale Mail Armor
37:04 Imperial Age
37:10 Imperial Age
34:56 Pikeman
35:23 Arson
37:29 Ballistics
37:20 Fortified Wall
37:21 Masonry
37:34 Onager
39:12 Hand Cart
38:39 Siege Onager
39:17 Halberdier
40:32 Heavy Plow
40:48 Furor Celtica
43:46 Chemistry
42:52 Siege Engineers
44:51 Hoardings
46:25 Blast Furnace
45:40 Chain Mail Armor
73:47 Light Cavalry
74:28 Husbandry
75:15 Plate Mail Armor
74:50 Scale Barding Armor
ezequielb89
1:04 Loom
16:29 Feudal Age
18:12 Double-Bit Axe
20:52 Wheelbarrow
20:03 Town Watch
22:16 Gold Mining
22:34 Horse Collar
27:53 Castle Age
30:01 Hand Cart
29:46 Town Patrol
30:33 Gold Shaft Mining
30:13 Bow Saw
30:25 Heavy Plow
40:36 Imperial Age
42:51 Ballistics
42:56 Masonry
44:27 Crop Rotation
45:02 Two-Man Saw
44:34 Bloodlines
43:45 Light Cavalry
43:45 Cavalier
43:47 Elite Steppe Lancer
43:52 Elite Genitour
44:58 Parthian Tactics
44:39 Thumb Ring
43:56 Elite Skirmisher
43:58 Crossbowman
44:33 Arson
44:49 Squires
44:09 Pikeman
44:10 Man-at-Arms
44:16 Capped Ram
45:31 Forging
45:23 Padded Archer Armor
46:47 Halberdier
46:48 Long Swordsman
49:26 Chemistry
49:00 Two-Handed Swordsman
50:15 Hussar
50:45 Paladin
57:08 Onager
57:09 Siege Ram
72:24 Siege Onager
76:00 Heated Shot
76:09 Murder Holes
90:11 Coinage
Don M´s
0:45 Loom
11:52 Feudal Age
12:26 Double-Bit Axe
12:24 Horse Collar
17:39 Wheelbarrow
16:52 Town Watch
16:54 Loom
21:11 Castle Age
22:38 Hand Cart
23:42 Heavy Plow
25:25 Bow Saw
27:22 Caravan
28:59 Stone Mining
29:00 Gold Mining
31:29 Stone Shaft Mining
32:37 Fletching
32:53 Scale Barding Armor
33:00 Forging
38:36 Imperial Age
37:37 Gold Shaft Mining
41:02 Bloodlines
40:53 Husbandry
41:58 Chemistry
41:38 Elite Ballista Elephant
42:19 Double Crossbow
42:40 Conscription
42:53 Ballistics
42:29 Murder Holes
42:45 Masonry
42:35 Bodkin Arrow
43:16 Iron Casting
43:02 Chain Barding Armor
45:56 Crop Rotation
56:55 Bracer
57:55 Blast Furnace
71:50 Plate Barding Armor
71:16 Padded Archer Armor
71:16 Scale Mail Armor
85:23 Leather Archer Armor
85:24 Chain Mail Armor
Whisky Romeo
2:59 Loom
13:29 Feudal Age
15:08 Wheelbarrow
15:05 Double-Bit Axe
19:48 Gold Mining
19:53 Stone Mining
23:14 Castle Age
24:43 Gold Shaft Mining
24:30 Forging
24:22 Scale Mail Armor
24:23 Padded Archer Armor
24:27 Fletching
25:54 Caravan
26:43 Bow Saw
27:05 Fervor
27:19 Sanctity
27:16 Herbal Medicine
31:53 Treadmill Crane
32:37 Ballistics
32:14 Murder Holes
32:32 Fortified Wall
33:47 Hand Cart
38:55 Imperial Age
36:37 Crossbowman
36:39 Elite Skirmisher
37:24 Man-at-Arms
37:52 Gambesons
38:08 Squires
38:41 Long Swordsman
38:43 Pikeman
41:01 Leather Archer Armor
41:36 Block Printing
41:47 Illumination
42:31 Chemistry
41:47 Arson
41:26 Two-Handed Swordsman
42:47 Bodkin Arrow
43:17 Town Watch
43:54 Capped Ram
49:26 Hoardings
50:33 Halberdier
53:32 Town Patrol
78:10 Elite Throwing Axeman
79:11 Conscription
83:28 Ordonnance Companies
85:27 Champion
86:24 Arrowslits
kealanmurphy83
1:38 Loom
1:46 Loom
21:46 Feudal Age
24:01 Horse Collar
24:10 Double-Bit Axe
25:04 Wheelbarrow
24:14 Town Watch
27:47 Scale Mail Armor
27:57 Forging
27:49 Padded Archer Armor
27:40 Fletching
34:46 Castle Age
35:42 Heavy Plow
35:57 Bow Saw
36:06 Hand Cart
35:55 Town Patrol
35:58 Caravan
37:46 Fervor
39:55 Treadmill Crane
40:25 Masonry
40:36 Ballistics
43:00 Stone Mining
45:53 Imperial Age
48:50 Two-Man Saw
48:10 Bodkin Arrow
48:31 Leather Archer Armor
47:43 Onager
49:10 Guilds
50:53 Chemistry
53:18 Bracer
53:48 Ring Archer Armor
54:06 Conscription
54:08 Yeomen
53:08 Elite Longbowman
54:06 Siege Engineers
54:33 Architecture
55:17 Warwolf
58:24 Pikeman
59:04 Squires
58:50 Arson
59:25 Chain Mail Armor
59:46 Iron Casting
61:06 Plate Mail Armor
60:01 Halberdier
63:05 Blast Furnace
64:07 Hoardings
78:43 Man-at-Arms
79:08 Gambesons
79:47 Long Swordsman
84:33 Two-Handed Swordsman
85:43 Champion
bs-32
16:23 Double-Bit Axe
16:24 Horse Collar
20:23 Feudal Age
23:04 Bow Saw
24:39 Gold Mining
24:40 Stone Mining
25:14 Heavy Plow
25:11 Fishing Lines
27:42 Castle Age
28:37 Gold Shaft Mining
28:38 Stone Shaft Mining
31:08 Gillnets
32:26 Forging
32:16 Scale Mail Armor
32:22 Scale Barding Armor
32:19 Padded Archer Armor
32:10 Fletching
38:38 Imperial Age
37:40 Iron Casting
37:20 Chain Mail Armor
37:26 Chain Barding Armor
37:22 Leather Archer Armor
37:02 Bodkin Arrow
39:14 Elite Coustillier
40:03 Burgundian Vineyards
42:10 Plate Mail Armor
42:41 Blast Furnace
42:17 Plate Barding Armor
43:30 Husbandry
43:43 Capped Ram
45:39 Bracer
47:50 Cavalier
71:32 Pikeman
77:24 Halberdier
Connection lost

Rejoining the realm…

Still unreachable

The connection could not be restored.

Session expired

The server has moved on; the page needs a fresh start.